 Dungeon Crawl Stone Soup version 0.30-a0-116-g3b1a8e4ee4 (webtiles) character file.

Game seed: 8841136015915031576

629 blackman the Prestidigitator (level 7, -9/50 HPs)
             Began as a Human Artificer on Sept 12, 2022.
             Mangled by an orc priest
             ... wielding a +0 whip of electrocution
              (17 damage)
             ... on level 6 of the Dungeon.
             The game lasted 00:08:31 (2077 turns).

blackman the Prestidigitator (Human Artificer)      Turns: 2077, Time: 00:08:32

Health: -9/50      AC:  7    Str: 15    XL:     7   Next: 77%
Magic:  7/7        EV: 11    Int: 11    God:
Gold:   132        SH:  0    Dex: 13    Spells: 6/6 levels left

rFire   . . .      SeeInvis .    e - +0 morningstar
rCold   . . .      Faith    .    (no shield)
rNeg    . . .      Spirit   .    l - +0 acid dragon scales
rPois   .          Reflect  .    (no helmet)
rElec   .          Harm     .    (no cloak)
rCorr   +          Rampage  .    (no gloves)
Will    .....                    k - +0 pair of boots
Stlth   +.........               (no amulet)
HPRegen 0.16/turn                (no ring)
MPRegen 0.10/turn                (no ring)

@: no status effects
A: no striking features
a: no special abilities


You were on level 6 of the Dungeon.
You visited 1 branch of the dungeon, and saw 5 of its levels.

You collected 132 gold pieces.

Inventory:

Hand Weapons
 a - a +0 club
 e - a +0 morningstar (weapon)
Armour
 b - a +0 leather armour
 k - a +0 pair of boots (worn)
 l - +0 acid dragon scales (worn)
Wands
 c - a wand of flame (1) (quivered)
 d - a wand of charming (7)
Scrolls
 g - a scroll of brand weapon {unknown}
 h - a scroll of poison {unknown}
 i - a scroll of teleportation {unknown}
 j - a scroll of immolation {unknown}
Potions
 f - 6 potions of curing {unknown}


   Skills:
 * Level 2.1 Fighting
 - Level 2.0 Armour
 - Level 1.0 Dodging
 - Level 1.0 Stealth
 - Level 8.2 Evocations


You had 6 spell levels left.
You didn't know any spells.
Your spell library was empty.

Dungeon Overview and Level Annotations

Branches:
Dungeon (6/15)
 Temple: D:4-7

Altars:


Message History

r - Retreat! s - Stop attacking. g - Guard the area. f - Follow me.
Anything else - Cancel.
Gang up on whom?
Press: ? - help, Dir - move target
Okay, then.
Unknown command.
What are your orders? t - Shout!
Orders for allies: a - Attack new target. r - Retreat! s - Stop attacking. g - Guard the area. f - Follow me.
Anything else - Cancel.
Gang up on whom?
Press: ? - help, Dir - move target, f - gnoll
Aim: a gnoll, wielding a +0 whip (heavily wounded, ally target) Attack!
The orc priest is no longer charmed.
The gnoll barely misses you.
The orc priest hits you with a +0 whip of electrocution.
You are electrocuted!
The gnoll barely misses you.
The orc priest looks encouraged for a moment.
The orc priest attacks as you move away!
The orc priest closely misses you.
The orc priest casts a cantrip, but nothing happens.
The gnoll attacks as you move away! The gnoll hits you with a +0 whip.
The gnoll attacks as you move away! The gnoll hits you with a +0 whip.
You barely miss the gnoll.
The gnoll is heavily wounded.
The gnoll hits you with a +0 whip. The gnoll hits you but does no damage.
You closely miss the gnoll.
The gnoll is heavily wounded.
The gnoll hits you but does no damage.
The orc priest hits you but does no damage.
You are electrocuted!!
* * * LOW HITPOINT WARNING * * *
You puncture the gnoll!
You kill the gnoll!
The orc priest hits you with a +0 whip of electrocution.
* * * LOW HITPOINT WARNING * * *
You are electrocuted!
You die...

##
########.##
....#.....
....'....
....'..8##
....'..@.#
....#..)o#
>.. ..... #
#####.###.#.
... ..@#
#<...........
.. ...#
#............
......
#.....####...
.#o.. #.....#
#. ....
####...### #
####..#
#≈≈≈~~~≈≈#
#.##......


You could see an orc priest.

Vanquished Creatures
  Maggie (D:6)
  A black bear (D:5)
  2 scorpions (D:5)
  An orc priest (D:6)
  A hound (D:6)
  A gnoll (D:6)
  An adder (D:2)
  An orc (D:6)
  A giant cockroach (D:2)
  A goblin (D:2)
  2 bats
  A frilled lizard (D:2)
  2 kobolds (D:2)
  2 rats
18 creatures vanquished.

Vanquished Creatures (collateral kills)
  A scorpion (D:5)
  2 orcs (D:6)
3 creatures vanquished.

Vanquished Creatures (others)
  A scorpion (D:5)
  An iguana (D:5)
  An ufetubus (D:5)
  An orc (D:6)
4 creatures vanquished.

Grand Total: 25 creatures vanquished

Notes
Turn   | Place    | Note
-------+----------+-------------------------------------------
     0 | D:1      | blackman the Human Artificer began the quest for the Orb.
     0 | D:1      | Reached XP level 1. HP: 15/15 MP: 1/1
    11 | D:2      | Reached XP level 2. HP: 10/21 MP: 2/2
   866 | D:3      | You fall into a shaft and drop 2 floors!
   866 | D:5      | Entered Level 5 of the Dungeon
   876 | D:5      | Noticed a scorpion
   905 | D:5      | Killed a scorpion
   906 | D:5      | Reached skill level 5 in Evocations
   906 | D:5      | Reached XP level 3. HP: 26/26 MP: 3/3
   906 | D:5      | Reached XP level 4. HP: 32/32 MP: 4/4
  1170 | D:5      | Noticed a scorpion
  1203 | D:5      | Noticed a scorpion
  1229 | D:5      | Noticed a scorpion
  1241 | D:5      | Killed a scorpion
  1242 | D:5      | Reached XP level 5. HP: 25/37 MP: 5/5
  1259 | D:5      | Reached skill level 6 in Evocations
  1447 | D:5      | Noticed a black bear
  1459 | D:5      | Killed a black bear
  1460 | D:5      | Reached XP level 6. HP: 20/43 MP: 6/6
  1742 | D:6      | Noticed Maggie
  1764 | D:6      | Killed Maggie
  1765 | D:6      | Reached skill level 8 in Evocations
  1765 | D:6      | Reached XP level 7. HP: 33/48 MP: 7/7
  2077 | D:6      | Mangled by an orc priest

Illustrated notes

Levels and vault maps discovered:
D:1:      dpeg_arrival_tiny_a, layout_basic, ebering_ecumenical_altar_abandoned
D:2:      layout_loops_ring
D:3:      layout_basic, nemelex_spade_bored_becter, serial_shops,
          nicolae_shop_statue_plus, uniq_terence
D:5:      layout_rooms, lemuel_doored_altar, moated_statue
D:6:      layout_rooms, slow_altar_2, serial_rivers,
          chequers_serial_rivers_large_a, chequers_serial_rivers_micro_a,
          chequers_serial_rivers_room_b, chequers_serial_rivers_small_b,
          uniq_grinder, uniq_maggie, uniq_menkaure

Skill      XL: |  1  2  3  4  5  6  7 |
---------------+----------------------+-----
Evocations     | 5 6 8 |  8.2
Fighting       | 2 |  2.1
Armour         | |  2.0
Dodging        | |  1.0
Stealth        | |  1.0

Action                   |  1- 3 |  4- 6 |  7- 9 || total
-------------------------+-------+-------+-------++-------
Melee: Club              |    42 |     6 |       ||    48
       Punch             |     1 |       |       ||     1
       Morningstar       |       |       |    17 ||    17
Evoke: Wand              |     7 |    19 |     1 ||    27
Armor: Leather armour    |    12 |     4 |       ||    16
       Acid dragon scale |       |       |     7 ||     7
Dodge: Dodged            |    38 |     7 |    17 ||    62

Table legend: (Time is in decaauts)
 A = Elapsed time spent in this place.
 B = Non-inter-level travel time spent in this place.
 C = Inter-level travel time spent in this place.
 D = Time resting spent in this place.
 E = Time spent auto-exploring this place.
 F = Levels seen in this place.
 G = Mean time per level.
                   A        B        C        D        E       F      G
               +--------+--------+--------+--------+--------+-----+--------+
         Total |   2098 |   2060 |     38 |   1016 |    538 |   5 |  419.6 |
       Dungeon |   2098 |   2060 |     38 |   1016 |    538 |   5 |  419.6 |
               +--------+--------+--------+--------+--------+-----+--------+

Top non-repeatable levels by time:
     D:5: 867 daAuts
     D:2: 792 daAuts
     D:6: 352 daAuts
     D:3: 83 daAuts
     D:1: 2 daAuts
